 Dungeon Crawl Stone Soup version 0.18-a0-1702-gd20c6a5 (webtiles) character file.

15836 vev the Covert (level 12, -1/96 HPs)
             Began as a Vampire Venom Mage on Apr 7, 2016.
             Was a Priest of Makhleb.
             Slain by an elephant (10 damage)
             ... on level 4 of the Lair of Beasts.
             The game lasted 02:24:42 (21893 turns).

vev the Covert (Vampire Venom Mage)                Turns: 21893, Time: 02:24:43

Health: -1/96      AC: 11    Str: 16    XL:     12   Next: 4%
Magic:  3/30       EV: 17    Int: 18    God:    Makhleb [***...]
Gold:   220        SH:  0    Dex: 21    Spells: 6 memorised, 10 levels left

rFire  . . .     SeeInvis +     a - +3 mace (protect)
rCold  + + .     Gourm    .     B - +2 robe {rC+}
rNeg   + + .     Faith    .     (no shield)
rPois  +         Spirit   .     D - +0 hat
rElec  .         Dismiss  .     P - -1 cloak of Wasted Space {MP+9 Dex+3}
rCorr  .         Reflect  .     r - +1 pair of gloves {Dex+3}
SustAt .         Harm     .     (no boots)
MR     +....                    p - amulet of rage
Stlth  ++++++++..               R - +5 ring of strength
                                b - ring of stealth

@: regenerating slowly, somewhat resistant to hostile enchantments,
extraordinarily stealthy
A: fangs 3, see invisible, unbreathing
a: Bat Form, Minor Destruction, Lesser Servant of Makhleb, Renounce Religion,
Evoke Berserk Rage


You were on level 4 of the Lair of Beasts.
You worshipped Makhleb.
Makhleb was most pleased with you.
You were very thirsty.

You visited 3 branches of the dungeon, and saw 15 of its levels.

You collected 569 gold pieces.
You spent 349 gold pieces at shops.

Inventory:

Hand Weapons
 a - a +3 mace of protection (weapon)
 x - a +3 long sword
 J - a +0 rapier
 L - a +2 war axe of freezing
Armour
 r - a +1 pair of gloves of dexterity (worn)
 B - a +2 robe of cold resistance (worn)
 D - a +0 hat (worn)
 P - the -1 cloak of Wasted Space (worn) {MP+9 Dex+3}
   (You bought it in a shop on level 4 of the Dungeon)

   It affects your dexterity (+3).
   It affects your magic capacity (+9).
Jewellery
 b - a ring of stealth (left hand)
 p - an amulet of rage (around neck)
 A - an uncursed ring of magical power
 R - a +5 ring of strength (right hand)
 T - an uncursed ring of resist corrosion
Wands
 f - a wand of paralysis (13/24)
 h - a wand of flame (35/48)
 i - a wand of paralysis (10/24)
 n - a wand of disintegration (11/24)
 v - a wand of paralysis (11/24)
 y - a wand of iceblast (5/15)
 N - a wand of lightning (14/15)
Scrolls
 d - a scroll of enchant weapon
 j - a scroll of identify
 k - 5 scrolls of remove curse
 l - 2 scrolls of teleportation
 t - 2 scrolls of amnesia
 u - a scroll of summoning {unknown}
 C - a scroll of recharging
Potions
 c - 2 potions of invisibility
 e - a potion of curing
 m - 2 potions of brilliance
 o - a potion of haste
 q - 5 potions of blood
 s - 2 potions of cancellation
 z - a potion of might
 E - a potion of resistance
 G - a potion of ambrosia
 I - a potion of magic
 K - a potion of flight
Books
 g - a Young Poisoner's Handbook

   Spells                             Type                      Level
   a - Sting                          Conjuration/Poison           1
   b - Cure Poison                    Poison                       2
   c - Mephitic Cloud                 Conjuration/Poison/Air       3
   d - Olgreb's Toxic Radiance        Poison                       4
   e - Venom Bolt                     Conjuration/Poison           5
 M - a book of Maledictions

   Spells                             Type                      Level
   a - Corona                         Hexes                        1
   b - Ensorcelled Hibernation        Hexes/Ice                    2
   c - Confuse                        Hexes                        3
   d - Tukima's Dance                 Hexes                        3
   e - Dazzling Spray                 Conjuration/Hexes            3
 Q - a book of Unlife

   Spells                             Type                      Level
   a - Recall                         Summoning/Translocation      3
   b - Animate Dead                   Necromancy                   4
   c - Control Undead                 Necromancy                   4
   d - Cigotuvi's Embrace             Necromancy                   5
   e - Death Channel                  Necromancy                   6
   f - Simulacrum                     Ice/Necromancy               6


   Skills:
 + Level 9.4 Fighting
 - Level 5.6 Dodging
 - Level 14.0 Stealth
 - Level 6.0 Spellcasting
 - Level 2.1 Conjurations
 - Level 10.2 Hexes
 - Level 2.0 Air Magic
 - Level 5.5 Poison Magic
 - Level 6.6 Invocations


You had 10 spell levels left.
You knew the following spells:

 Your Spells              Type           Power        Failure   Level  Hunger
a - Sting                 Conj/Pois      ###.         2%          1    None
c - Confuse               Hex            #####...     1%          3    ##.....
d - Tukima's Dance        Hex            #####...     1%          3    ##.....
f - Mephitic Cloud        Conj/Pois/Air  ###.....     12%         3    ##.....
o - Cure Poison           Pois           ####......   1%          2    None
z - Apportation           Tloc           #.........   12%         1    None


Dungeon Overview and Level Annotations

Branches:
Dungeon (10/15)            Temple (1/1) D:4            Lair (4/8) D:10
    Orc (0/2) D:10
  Swamp: Lair:3-6    Shoals: Lair:3-6     Snake: Lair:3-6    Spider: Lair:3-6

Altars:
Ashenzari
Cheibriados
Dithmenos
Elyvilon
Fedhas
Gozag
Kikubaaqudgha
Makhleb
Nemelex Xobeh
Okawaru
Pakellas
Qazlal
Ru
Sif Muna
Trog
Vehumet
Xom
Yredelemnul
Zin
The Shining One
Jiyva

Shops:
D:4 [:*   D:5 [

Annotations:
D:10 grom234's ghost, novice TrBe


Innate Abilities, Weirdness & Mutations

You heal slowly.
You have razor-sharp teeth.
You have supernaturally acute eyesight.
You can survive without breathing.


Message History

Aiming: Confuse
Press: ? - help, Shift-Dir - straight line, f - elephant
Aim: an elephant (severely wounded, chance to defeat MR: 33%)
The elephant easily resists.
The elephant seems less confused.
The elephant tramples you!
* * * LOW HITPOINT WARNING * * *
You hold your ground!
The elephant trunk-slaps you.
* * * LOW HITPOINT WARNING * * *
Unknown command.
Drink which item? (? for menu, Esc to quit)
You feel much better. The elephant tramples you!!
* * * LOW HITPOINT WARNING * * *
You hold your ground!
The elephant barely misses you.
Your +2 war axe of freezing stops glowing.
You feel protected!
a - a +3 mace of protection (weapon)
The elephant barely misses you. The elephant trunk-slaps you.
* * * LOW HITPOINT WARNING * * *
The elephant tramples you!
You die...

... ....
..... ....>##
.....###
#§...# #.# #
#Y###
#.###.@.#
#....†Y###
#.....<..#
#........#
####P#..#...#
####..#.P#
.#..## ...##
##.#


You could see 2 elephants.

Vanquished Creatures
  The ghost of barb4r1an the Blocker, a novice MiFi of Trog (Lair:1)
  Sonja (Lair:1)
  A hill giant (D:10)
  Pikel (D:5)
  A manticore (D:10)
  An elephant (Lair:4)
  A black mamba (Lair:2)
  A molten gargoyle (Lair:3)
  A spiny frog (Lair:1)
  The ghost of M4edhros the Shield-Bearer, a novice OpWn of Xom (D:5)
  2 komodo dragons (Lair:1)
  A two-headed ogre (D:8)
  5 blink frogs (Lair:1)
  Prince Ribbit (D:9)
  Grinder (D:6)
  A wyvern (Lair:2)
  3 orc warriors
  A basilisk (Lair:2)
  13 yaks
  A hippogriff (D:6)
  A hungry ghost (D:6)
  2 wargs (D:9)
  4 soldier ants (Lair:3)
  2 water moccasins
  4 porcupines (Lair:1)
  The ghost of Torro the Sneak, an amateur SpEn (D:3)
  5 ice beasts
  4 sky beasts
  2 slaves
  2 black bears
  A necrophage (D:9)
  A phantom (D:6)
  2 centaurs
  4 ogres
  A crocodile (Lair:2)
  A big kobold (D:10)
  8 giant frogs
  A wyvern zombie (D:10)
  5 scorpions
  A wyvern skeleton (D:10)
  10 killer bees
  A howler monkey (D:8)
  4 lava snakes (Lair:3)
  5 crimson imps
  A centaur zombie (D:6)
  15 orc priests
  3 hounds
  5 jellies
  3 giant frog skeletons
  A gnoll shaman (D:4)
  14 orc wizards
  2 centaur skeletons
  7 iguanas
  11 worker ants
  A killer bee zombie (D:9)
  4 sheep (Lair:2)
  A hound zombie (D:8)
  2 hound skeletons
  A worker ant zombie (D:6)
  8 gnolls
  16 river rats
  18 adders
  7 shadow imps
  7 oozes
  2 adder zombies
  4 worms
  4 dart slugs
  4 giant geckos
  51 orcs
  2 ball pythons
  10 bats
  5 giant cockroaches
  7 goblins
  8 hobgoblins
  18 jackals
  19 kobolds
  6 quokkas
  A giant gecko skeleton (D:8)
  4 giant newts
  12 rats
  A fungus (D:10)
  A plant (Lair:3)
397 creatures vanquished.

Vanquished Creatures (collateral kills)
  A queen ant (Lair:3)
  A molten gargoyle (Lair:3)
  3 wights (D:10)
5 creatures vanquished.

Vanquished Creatures (others)
  A soldier ant (Lair:3)
  2 slaves (D:6)
  3 worker ants
  An adder (D:6)
  An orc (D:6)
  53 fungi
  9 plants (D:10)
70 creatures vanquished.

Grand Total: 472 creatures vanquished

Notes
Turn   | Place    | Note
--------------------------------------------------------------
     0 | D:1      | vev the Vampire Venom Mage began the quest for the Orb.
     0 | D:1      | Reached XP level 1. HP: 13/13 MP: 3/3
   102 | D:1      | Reached skill level 1 in Fighting
   359 | D:1      | Reached XP level 2. HP: 16/21 MP: 1/5
   678 | D:1      | Learned a level 2 spell: Cure Poison
   961 | D:1      | Reached XP level 3. HP: 23/28 MP: 6/6
  1188 | D:2      | Found an ancient bone altar of Kikubaaqudgha.
  1697 | D:2      | Found a stormy altar of Qazlal.
  1697 | D:2      | Found a shattered altar of Ashenzari.
  1703 | D:2      | Learned a level 3 spell: Mephitic Cloud
  1879 | D:2      | Reached XP level 4. HP: 26/35 MP: 0/7
  2957 | D:3      | Noticed Torro's ghost (amateur SpEn)
  3153 | D:3      | Reached XP level 5. HP: 41/41 MP: 3/9
  3308 | D:3      | Found a blossoming altar of Fedhas.
  4073 | D:4      | Reached XP level 6. HP: 44/47 MP: 4/12
  4120 | D:4      | Found Riyji's Antique Armour Shop.
  4124 | D:4      | Found Atsozeeph's Book Emporium.
  4273 | D:4      | Found a staircase to the Ecumenical Temple.
  4299 | Temple   | Entered the Ecumenical Temple
  4629 | D:4      | Found an opulent altar of Gozag.
  4643 | D:4      | Found Komy's Assorted Antiques.
  4835 | D:4      | Reached skill level 1 in Air Magic
  5011 | D:5      | Entered Level 5 of the Dungeon
  5088 | D:5      | Noticed M4edhros's ghost (novice OpWn)
  5156 | D:5      | Reached skill level 1 in Conjurations
  5305 | D:4      | Reached XP level 7. HP: 49/52 MP: 1/14
  5467 | D:4      | Bought a pair of runed gloves for 112 gold pieces
  5577 | D:4      | Reached skill level 4 in Stealth
  6233 | D:5      | Reached skill level 5 in Stealth
  6314 | D:5      | Found Idyad's Armour Boutique.
  6321 | D:5      | Learned a level 1 spell: Apportation
  6323 | D:5      | Learned a level 1 spell: Corona
  6371 | D:5      | Found an iron altar of Okawaru.
  6436 | D:6      | Noticed Pikel
  6700 | D:6      | Reached skill level 5 in Spellcasting
  6818 | D:6      | Found an oddly glowing altar of Pakellas.
  6889 | D:6      | Reached skill level 6 in Stealth
  7036 | D:5      | Killed Pikel
  7036 | D:5      | Reached skill level 7 in Stealth
  7036 | D:5      | Reached XP level 8. HP: 57/61 MP: 10/16
  7172 | D:6      | Reached skill level 8 in Stealth
  7360 | D:6      | Noticed Grinder
  7370 | D:6      | Killed Grinder
  7443 | D:6      | Reached skill level 9 in Stealth
  8156 | D:6      | Reached XP level 9. HP: 62/67 MP: 15/18
  8175 | D:6      | Reached skill level 5 in Fighting
  8314 | D:6      | Reached skill level 10 in Stealth
  9021 | D:7      | Reached skill level 5 in Dodging
  9021 | D:7      | Reached skill level 5 in Poison Magic
  9741 | D:6      | Reached skill level 11 in Stealth
 10091 | D:7      | Reached skill level 12 in Stealth
 10798 | D:8      | Reached XP level 10. HP: 76/76 MP: 19/19
 11138 | D:7      | Reached skill level 13 in Stealth
 11957 | D:8      | Found a viscous altar of Jiyva.
 12580 | D:9      | Found a shadowy altar of Dithmenos.
 12646 | D:8      | Reached skill level 1 in Hexes
 12953 | D:9      | Noticed Prince Ribbit
 12968 | D:9      | Killed Prince Ribbit
 13192 | D:9      | Reached skill level 5 in Hexes
 13432 | D:9      | Found a bloodstained altar of Trog.
 13442 | D:9      | Found a sacrificial altar of Ru.
 13444 | D:9      | Found a blossoming altar of Fedhas.
 14453 | D:10     | Entered Level 10 of the Dungeon
 14481 | D:9      | Reached skill level 10 in Hexes
 14524 | D:9      | Learned a level 3 spell: Confuse
 14528 | D:9      | Learned a level 3 spell: Tukima's Dance
 14639 | D:3      | Killed Torro's ghost
 14716 | D:4      | Bought a heavily runed cloak for 237 gold pieces
 14726 | D:4      | Identified the cursed -1 cloak of Wasted Space {MP+9 Dex+3} (You bought it in a shop on level 4 of the Dungeon)
 14929 | D:5      | Killed M4edhros's ghost
 14929 | D:5      | Reached skill level 14 in Stealth
 15000 | D:8      | Found a radiant altar of Vehumet.
 15000 | D:8      | Found a burning altar of Makhleb.
 15024 | D:8      | Became a worshipper of Makhleb the Destroyer
 15191 | D:9      | Reached skill level 1 in Invocations
 15708 | D:10     | Found a staircase to the Lair.
 15740 | D:10     | Reached XP level 11. HP: 77/81 MP: 19/20
 15864 | D:10     | Noticed a hill giant
 15905 | D:10     | Killed a hill giant
 15905 | D:10     | Reached * piety under Makhleb
 16167 | D:10     | Found a staircase to the Orcish Mines.
 16437 | D:10     | Noticed grom234's ghost (novice TrBe)
 17310 | D:9      | Reached ** piety under Makhleb
 17494 | Lair:1   | Entered Level 1 of the Lair of Beasts
 17494 | Lair:1   | Noticed barb4r1an's ghost (novice MiFi)
 17514 | Lair:1   | Killed barb4r1an's ghost
 17522 | Lair:1   | Noticed Sonja
 17541 | Lair:1   | Killed Sonja
 18342 | Lair:1   | Reached skill level 5 in Invocations
 20190 | Lair:2   | Reached *** piety under Makhleb
 21303 | Lair:3   | Noticed a queen ant
 21315 | Lair:3   | Killed a queen ant
 21341 | Lair:3   | Reached XP level 12. HP: 77/95 MP: 3/21
 21569 | Lair:3   | Noticed a catoblepas
 21893 | Lair:4   | Slain by an elephant

Vault maps used:
D:1:      minmay_arrival_three_doors
D:2:      lemuel_crystal_altar, gammafunk_temple_overflow_elements
D:3:      fedhas_altar_3
D:4:      grunt_gozag_statues, minmay_temple_entry_mist, serial_shops,
          nicolae_shop_crystal, shop_statue, shop_fountains
D:5:      lemuel_round_altar, first_bread, serial_shops, nicolae_shop_waterfront
D:6:      lemuel_doored_altar, uniq_pikel, uniq_grinder
D:8:      grunt_temple_overflow_lords_of_destruction,
          hangedman_little_slice_of_home
D:9:      lightli_temple_of_fire, grunt_dithmenos_smoke,
          grunt_temple_overflow_open, kennysheep_generic_room_7,
          uniq_prince_ribbit1
D:10:     due_lair_maze_entry_diamond, erik_orc_4, nicolae_wwwww,
          makhleb_altar_promises_db
Temple:   cyrus_temple_forest_13
Lair:1:   uniq_sonja
Lair:3:   cheibrodos_magma_flow, spider_nest_entry_a, st_stairs_6,
          columned_hall_lemuel, wad_woods_antlair
Lair:4:   minivault_25, serial_bayou_pond_c, grunt_forest_stairs_basic,
          uniq_nergalle

Skill      XL: |  1  2  3  4  5  6  7  8  9 10 11 |
---------------+----------------------------------+-----
Fighting       | 1 2 3 4 5 9 |  9.4
Spellcasting   | 4 5 6 |  6.0
Air Magic      | 2 |  2.0
Conjurations   | 1 2 |  2.1
Poison Magic   | 4 5 |  5.5
Stealth        | 7 9 12 14 | 14.0
Dodging        | 3 4 5 |  5.6
Hexes          | 10 | 10.2
Invocations    | 2 6 |  6.6

Action                   |  1- 3 |  4- 6 |  7- 9 | 10-12 || total
-------------------------+-------+-------+-------+-------++-------
Melee: Unarmed           |    14 |       |       |       ||    14
       Whip              |    21 |       |       |     3 ||    24
       Dagger            |    39 |   115 |   108 |     1 ||   263
       Spear             |    22 |       |       |       ||    22
       Long sword        |       |       |   205 |    22 ||   227
       War axe           |       |       |       |   284 ||   284
       Mace              |       |       |       |   333 ||   333
       Rapier            |       |       |       |     1 ||     1
 Cast: Sting             |    61 |   215 |   258 |   452 ||   986
       Cure Poison       |     1 |     1 |       |       ||     2
       Mephitic Cloud    |       |       |    29 |    76 ||   105
       Corona            |       |       |    25 |    13 ||    38
       Apportation       |       |       |     2 |     9 ||    11
       Confuse           |       |       |       |    54 ||    54
       Tukima's Dance    |       |       |       |     6 ||     6
 Abil: End Transformatio |       |       |       |     2 ||     2
       Bat Form          |       |       |       |     2 ||     2
Evoke: Wand              |       |       |       |     3 ||     3
  Use: Potion            |     2 |     8 |    11 |    18 ||    39
       Scroll            |       |     3 |     3 |    22 ||    28
 Stab: Sleeping          |     3 |     2 |    13 |    15 ||    33
       Distracted        |       |       |     2 |     2 ||     4
       Confused          |       |       |     5 |    68 ||    73
  Eat: Corpse            |       |     1 |       |       ||     1
